 Dungeon Crawl Stone Soup version 0.31.0-11-ge490571c62 (webtiles) character file.

Game seed: 1171651552055194691

35 qw the Shooter (level 3, -6/20 HPs)
             Began as a Deep Elf Hunter on Feb 4, 2024.
             Mangled by an orc
             ... wielding a +0 whip of electrocution
              (15 damage)
             ... on level 2 of the Dungeon.
             The game lasted 00:00:02 (524 turns).

qw the Shooter (Deep Elf Hunter)                     Turns: 524, Time: 00:00:03

Health: -6/20      AC:  6    Str: 10    XL:     3   Next: 17%
Magic:  5/5        EV:  9    Int: 13    God:
Gold:   69         SH:  0    Dex: 18    Spells: 2/2 levels left

rFire   . . .        a - +0 shortbow
rCold   . . .        (shield currently unavailable)
rNeg    . . .        f - +0 scale mail
rPois   .            (no helmet)
rElec   .            (no cloak)
rCorr   .            (no gloves)
SInv    .            (no boots)
Will    .....        (no amulet)
Stlth   +            (no ring)
HPRegen 0.23/turn    (no ring)
MPRegen 0.09/turn

%: no passive effects
@: no status effects
A: no striking features
a: no special abilities


You were on level 2 of the Dungeon.
You visited 1 branch of the dungeon, and saw 2 of its levels.

You collected 69 gold pieces.


   Skills:
 - Level 1.5 Fighting
 + Level 6.8 Ranged Weapons
 - Level 2.4 Dodging
 - Level 1.2 Stealth


You had 2 spell levels left.
You didn't know any spells.
Your spell library was empty.

Inventory:

Hand Weapons
 a - a +0 shortbow (weapon)
Armour
 f - a +0 scale mail (worn)

Dungeon Overview and Level Annotations

Branches:
Dungeon (2/15)

Altars:


Message History

You shoot an arrow. The arrow hits the dart slug!
The dart slug is almost dead.
The dart slug bites you but does no damage.
You shoot an arrow.
The arrow hits the dart slug but does no damage.
The dart slug is almost dead.
The dart slug closely misses you.
You shoot an arrow. The arrow hits the dart slug.
You kill the dart slug!
You climb downwards.
The orc hits you but does no damage.
There is a stone staircase leading up here.
You shoot an arrow. The arrow barely misses the orc.
The orc hits you with a +0 whip of electrocution.
You are electrocuted!
The orc barely misses you.
You shoot an arrow.
The arrow hits the orc but does no damage.
The orc barely misses you.
You shoot an arrow. The arrow closely misses the orc.
The orc barely misses you. The orc misses you.
You shoot an arrow. The arrow hits the orc.
The orc is severely wounded.
The orc barely misses you.
You shoot an arrow.
The arrow hits the orc but does no damage.
The orc is severely wounded.
The orc hits you with a +0 whip of electrocution.
You shoot an arrow.
The arrow hits the orc but does no damage.
The orc is severely wounded.
The orc hits you but does no damage. x2
You shoot an arrow.
The arrow hits the orc but does no damage.
The orc is severely wounded.
The orc barely misses you.
You shoot an arrow. The arrow barely misses the orc.
The orc barely misses you.
You shoot an arrow. The arrow barely misses the orc.
The orc hits you but does no damage. x2; You are electrocuted!
Ouch! That really hurt!
You die...

.. ...# # ..
... >. ##. ...
... .. .. ....
#.##.#####
#...#.........
#..?..........
#@# .......o#
.......##
###.... #....
#.... #....
.....


You could see an orc.

Vanquished Creatures
  2 dart slugs (D:1)
  A ball python (D:1)
  6 bats (D:1)
  4 endoplasms (D:1)
  A giant cockroach (D:1)
  2 goblins (D:1)
  3 hobgoblins (D:1)
  A quokka (D:1)
  2 frilled lizards (D:1)
  3 kobolds (D:1)
  3 rats (D:1)
28 creatures vanquished.

Notes
Turn   | Place    | Note
-------+----------+-------------------------------------------
     0 | D:1      | qw the Deep Elf Hunter began the quest for the Orb.
     0 | D:1      | Reached XP level 1. HP: 12/12 MP: 3/3
     0 | D:1      | 0 ||| qw: Version: 0.3-a-160-g6735b56
     0 | D:1      | 0 ||| qw: Game counter: 5457
     0 | D:1      | 0 ||| qw: Melee chars always use a shield: true
     0 | D:1      | 0 ||| qw: God list: Okawaru
     0 | D:1      | 0 ||| qw: Allow faded altars: false
     0 | D:1      | 0 ||| qw: Do Orc after clearing Dungeon:15 true
     0 | D:1      | 0 ||| qw: Do second Lair branch before Depths: true
     0 | D:1      | 0 ||| qw: Lair rune preference: random
     0 | D:1      | 0 ||| qw: Goals: Normal
     0 | D:1      | 0 ||| PLANNING D:1-11
    54 | D:1      | Reached skill level 6 in Ranged Weapons
    54 | D:1      | Reached XP level 2. HP: 16/16 MP: 4/4
   233 | D:1      | Reached XP level 3. HP: 20/20 MP: 5/5
   461 | D:1      | 461 ||| UPGRADING to +0 scale mail.
   471 | D:1      | 471 ||| DROPPING +0 leather armour.
   472 | D:1      | 472 ||| READING scroll labelled GIAVAWIEMP.
   473 | D:1      | 473 ||| READING scroll labelled JUNESA FOAWIS.
   474 | D:1      | 474 ||| DROPPING scroll of butterflies.
   508 | D:2      | 508 ||| STAIRDANCE
   524 | D:2      | Mangled by an orc

Levels and vault maps discovered:
D:1:      onia_arrival_handbag, layout_rooms, serial_park_tiny_2,
          hangedman_abyss_or_decor_lesser_grid, chequers_serial_rivers_large_a
D:2:      layout_basic, basic_altar, serial_shops, shop, patterned_corridor,
          uniq_natasha

Skill      XL: |  1 |
---------------+----+-----
Ranged Weapons | 6 |  6.8
Fighting       | |  1.5
Dodging        | |  2.4
Stealth        | |  1.2

Action                     || total
---------------------------++-------
   Fire: Shortbow          ||    78
    Use: Scroll            ||     2
 Armour: Leather armour    ||     8
         Scale mail        ||     9
  Dodge: Dodged            ||    17

Table legend:
 A = Non-vault XP
 B = Vault XP
 C = Vault XP percentage of total XP
 D = Non-vault monster count
 E = Vault monster count
 F = Vault count percentage of total count
                 A         B        C        D         E       F
            +---------+---------+-------+---------+---------+-------
      Total |      45 |       6 |  11.8 |      24 |       4 |  14.3
            +---------+---------+-------+---------+---------+-------
        D:1 |      45 |       6 |  11.8 |      24 |       4 |  14.3
            +---------+---------+-------+---------+---------+-------
